 Dungeon Crawl Stone Soup version 0.31-a0-358-gac0dbeb3ab (webtiles) character file.

Game seed: 14085728773021666528

156 randomguy2701 the Chopper (level 5, -5/48 HPs)
             Began as a Hill Orc Monk on July 25, 2023.
             Was a Believer of Beogh.
             Slain by an orc
             ... wielding a +0 hand axe
              (6 damage)
             ... on level 4 of the Dungeon.
             The game lasted 00:03:58 (2414 turns).

randomguy2701 the Chopper (Hill Orc Monk)           Turns: 2414, Time: 00:03:59

Health: -5/48      AC:  5    Str: 14    XL:     5   Next: 37%
Magic:  5/5        EV: 11    Int: 10    God:    Beogh [**....]
Gold:   140        SH:  5    Dex: 15    Spells: 4/4 levels left

rFire   . . .        a - +0 hand axe
rCold   . . .        d - orb {light}
rNeg    . . .        n - +0 ring mail
rPois   .            (no helmet)
rElec   .            (no cloak)
rCorr   .            (no gloves)
SInv    .            (no boots)
Will    .....        k - amulet of reflection
Stlth   +            (no ring)
HPRegen 0.28/turn    (no ring)
MPRegen 0.09/turn

%: reflection
@: glowing
A: no striking features
a: Renounce Religion, Smiting


You were on level 4 of the Dungeon.
You worshipped Beogh.
Beogh was pleased with you.
You visited 1 branch of the dungeon, and saw 4 of its levels.

You collected 140 gold pieces.

Inventory:

Hand Weapons
 a - a +0 hand axe (weapon)
Armour
 b - a +0 robe
 d - an orb of light (worn)
 n - a +0 ring mail (worn)
Jewellery
 k - an amulet of reflection (around neck)
Scrolls
 e - a scroll of summoning {unknown}
 g - a scroll of fear {unknown}
 i - a scroll of teleportation {unknown}
 l - 2 scrolls of identify {unknown}
Potions
 c - 2 potions of ambrosia
 f - a potion of curing {unknown}
 h - 2 potions of might {unknown}
 j - a potion of enlightenment {unknown}
 m - a potion of lignification {unknown}
 o - 3 potions of heal wounds {unknown}
 p - 2 potions of invisibility {unknown}


   Skills:
 + Level 5.1 Fighting
 + Level 5.5 Axes
 + Level 3.4 Dodging


You had 4 spell levels left.
You didn't know any spells.
Your spell library contained the following spells:

 Spells                   Type           Power      Damage    Failure   Level
 Dazzling Flash           Conj/Hex       0%         N/A       93%         3
 Volatile Blastmotes      Fire/Tloc      0%         2d10      93%         3
 Starburst                Conj/Fire      0%         6d3       100%        6
 Maxwell's Capacitive Co  Air            0%         ∞         100%        8


Dungeon Overview and Level Annotations

Branches:
Dungeon (4/15)             Temple (0/1) D:4

Altars:
Gozag

Shops:
D:3 [


Message History

You hit the orc priest but do no damage.
You block the orc's attack.
The orc priest hits you but does no damage.
You hit the orc priest but do no damage.
The orc priest is heavily wounded.
You hit the orc. You barely miss the orc. The orc hits you but does no damage.
The orc priest calls down the wrath of Beogh upon you.
Beogh smites you! The orc hits you with a +0 hand axe.
You are too injured to fight recklessly!
You are too injured to fight recklessly!
You are too injured to fight recklessly!
You hit the orc priest but do no damage.
The orc priest is heavily wounded.
You barely miss the orc. You hit the orc. The orc misses you.
You block the orc priest's attack. The orc hits you but does no damage.
You barely miss the orc priest.
The orc priest is heavily wounded.
You barely miss the orc. You hit the orc. You block the orc's attack.
The orc priest closely misses you. The orc hits you with a +0 hand axe.
You barely miss the orc priest.
The orc priest is heavily wounded.
You hit the orc. x2; The orc barely misses you.
The orc priest hits you with a +0 dagger.
The orc barely misses you.
You slash the orc priest!
The orc priest is almost dead.
You barely miss the orc. You hit the orc but do no damage.
You block the orc's attack.
The orc priest calls down the wrath of Beogh upon you.
Beogh smites you!
* * * LOW HITPOINT WARNING * * *
The orc hits you with a +0 hand axe.
* * * LOW HITPOINT WARNING * * *
The orc attacks as you move away! The orc closely misses you.
The orc priest attacks as you move away!
The orc priest barely misses you.
An orc comes into view. It is wielding a +0 mace.
The orc hits you with a +0 hand axe.
You die...
Beogh appreciates the orc's killing of a heretic priest.

........'......#...#....#..
#.⌠.>.⌠.##.....#...#....#..
........##.....#...#....#..
....⌠...##..>.##...#....###
........##....##...#....#..
.....#..##.....#...#....+..
.#+###!.##.....'...#....#..
... #...#######....#..
#@###..........'..
#.o.#..........#..
#oo.#.....)....###
#...#.?........#..
o...+..........#..
#...#..........#..
#####..........#..
#..##...#..........'..
........#........).#..


You could see an orc priest and 3 orcs.

Vanquished Creatures
  A hound (D:4)
  6 adders
  An ufetubus (D:4)
  2 worms
  An orc (D:4)
  4 bats
  3 endoplasms
  6 giant cockroaches
  8 goblins
  5 hobgoblins
  3 kobolds
  2 quokkas
  6 ball pythons
  5 frilled lizards
  8 rats
61 creatures vanquished.

Notes
Turn   | Place    | Note
-------+----------+-------------------------------------------
     0 | D:1      | randomguy2701 the Hill Orc Monk began the quest for the
                  | Orb.
     0 | D:1      | Reached XP level 1. HP: 19/19 MP: 1/1
   104 | D:1      | Reached XP level 2. HP: 19/27 MP: 2/2
   506 | D:1      | Reached XP level 3. HP: 31/33 MP: 3/3
   657 | D:2      | Found an opulent altar of Gozag.
  1261 | D:2      | Reached XP level 4. HP: 28/41 MP: 4/4
  1602 | D:3      | Reached skill level 5 in Axes
  1771 | D:3      | Found Vepaqasm's Antique Armour Emporium.
  1777 | D:3      | Noticed a black bear
  2057 | D:4      | Became a worshipper of Beogh the Brigand
  2057 | D:4      | Reached * piety under Beogh
  2057 | D:4      | Reached ** piety under Beogh
  2191 | D:4      | Reached XP level 5. HP: 47/47 MP: 5/5
  2201 | D:4      | Reached skill level 5 in Fighting
  2379 | D:4      | Found a staircase to the Ecumenical Temple.
  2413 | D:4      | HP: 1/48 [orc/+0 hand axe (3)]
  2414 | D:4      | Slain by an orc

Illustrated notes

Levels and vault maps discovered:
D:1:      giann_wishing_wells, layout_basic, minmay_lizard_pond
D:2:      layout_loops_ring, basic_altar, hangedman_abyss_or_decor_lesser_grid
D:3:      layout_basic, grunt_gozag_statues, tgw_xom, fedhas_ov_isle_minmay,
          minmay_overflow_temple_star_quad, basic_ecumenical_altar,
          serial_shops, nicolae_shop_trees, nicolae_elevator_lobby_plus,
          uniq_crazy_yiuf_cottage, uniq_terence
D:4:      layout_gridville, temple_fountains, serial_glass, glass_columns_a,
          glass_columns_c, glass_columns_a, glass_columns_c, glass_columns_b,
          glass_columns_c

Skill      XL: |  1  2  3  4  5 |
---------------+----------------+-----
Fighting       | 4 5 |  5.1
Dodging        | 3 |  3.4
Axes           | 5 |  5.5

Action                     |  1- 3 |  4- 6 || total
---------------------------+-------+-------++-------
  Melee: Hand axe          |   105 |    81 ||   186
 Invoke: Convert to Beogh  |       |     1 ||     1
 Armour: Robe              |    16 |       ||    16
         Ring mail         |       |    18 ||    18
  Dodge: Dodged            |    68 |    45 ||   113
  Block: Orb               |       |    22 ||    22

Table legend: (Time is in decaauts)
 A = Elapsed time spent in this place.
 B = Non-inter-level travel time spent in this place.
 C = Inter-level travel time spent in this place.
 D = Time resting spent in this place.
 E = Time spent auto-exploring this place.
 F = Levels seen in this place.
 G = Mean time per level.
                   A        B        C        D        E       F      G
               +--------+--------+--------+--------+--------+-----+--------+
         Total |   2426 |   2338 |     88 |      0 |   1823 |   4 |  606.5 |
       Dungeon |   2426 |   2338 |     88 |      0 |   1823 |   4 |  606.5 |
               +--------+--------+--------+--------+--------+-----+--------+

Top non-repeatable levels by time:
     D:2: 916 daAuts
     D:1: 630 daAuts
     D:4: 481 daAuts
     D:3: 397 daAuts
